cohdb
Replays
Latest Replays
All Replays
Popular Replays
Top Player Replays
Match Explorer
How It Works
Community
CoH3 Stats
Reddit
Sign in to upload your games and track your stats! →
Sign in with Steam
Match 42514086
Unlisted
Match 42514086
Overview
Messages
Build Orders
End
Selects Italian Combined Arms Battlegroup
Selects Bersaglieri Squad
Bersaglieri Squad
250 Light Carrier
Bersaglieri Squad
Construct Light Support Kompanie
Selects Bersaglieri Bolster
2.5-tonne Medical Truck
Panzerjäger Squad
Bersaglieri Squad
Fire Support Elements
Selects Breda Model 30 Light Machine Guns
Selects Breda Model 30 Light Machine Guns
Construct Panzerarmee Kommand
Armored Reserves
Pak 38 Mechanized Group
Tungsten Core Ammunition
Combat Half-tracks
Selects Semovente da 75/18 Assault Gun
Bersaglieri Squad
Bersaglieri Squad
★ BLACK HAWK ★
Greenskorps
喵头鹰
iFapToHentai
DeadPhoenix
Zleg
Dreamer
Vader
0
0
Comments
sign in to comment!
No comments posted yet!